| TOP OF THE 1ST |
|
Texas Rangers batting - Pitching for Seattle Mariners : LHP Tommy John
|
|
Pitching: LHP Tommy John
|
|
|
Batting: RHB Joe Charboneau
|
0-0: Ball 1-0: Called Strike 1-1: Ball 2-1: Called Strike 2-2: Foul Ball, location: 2F 2-2: Ball 3-2: Foul Ball, location: 2F 3-2: Foul Ball, location: 2F 3-2: Strikes out looking
|
|
Batting: RHB Kirby Puckett
|
0-0: Called Strike 0-1: Ball 1-1: Ball 2-1: TRIPLE (Line Drive, 9LD, EV 109.4 MPH)
|
|
Batting: RHB Steve Garvey
|
0-0: Ball 1-0: Called Strike 1-1: Ball 2-1: Ball 3-1: Foul Ball, location: 2F 3-2: Foul Ball, location: 2F 3-2: Strikes out swinging
|
|
Batting: RHB Steve Balboni
|
0-0: Called Strike 0-1: Swinging Strike 0-2: Strikes out swinging
|
| Top of the 1st over - 0 runs, 1 hit, 0 errors, 1 left on base; Texas 0 - Seattle 0 |
| BOTTOM OF THE 1ST |
|
Seattle Mariners batting - Pitching for Texas Rangers : RHP Tim Leary
|
|
Pitching: RHP Tim Leary
|
|
|
Batting: SHB Miguel Dilone
|
0-0: Ball 1-0: Foul Ball, location: 2F 1-1: Swinging Strike 1-2: Foul Ball, location: 2F 1-2: Ground out 4-3 (Groundball, 4, EV 79.4 MPH)
|
|
Batting: RHB Ryne Sandberg
|
0-0: Ball 1-0: Ball 2-0: DOUBLE (Line Drive, 8RXD, EV 110.6 MPH)
|
|
Batting: RHB Robin Yount
|
0-0: Ball 1-0: Called Strike 1-1: Ball 2-1: Foul Ball, location: 2F 2-2: SINGLE (Line Drive, 3D, EV 96.3 MPH) Ryne Sandberg to third Runner from 3rd tries for Home, SAFE, throw by RF to home
|
|
Batting: LHB Don Mattingly
|
0-0: Foul Ball, location: 2F 0-1: Ball 1-1: Ball 2-1: SINGLE (Line Drive, 8LS, EV 98.1 MPH) Robin Yount to second
|
|
Batting: LHB Chris Wynn
|
0-0: Called Strike 0-1: Fly out, F7 (Flyball, 7LS, EV 93.1 MPH)
|
|
Batting: RHB Tony Conigliaro
|
0-0: SINGLE (Groundball, 6D, EV 100.6 MPH) Robin Yount to third Don Mattingly to second Runner from 3rd tries for Home, throw by CF and OUT! 8-2
|
| Bottom of the 1st over - 1 run, 4 hits, 0 errors, 2 left on base; Texas 0 - Seattle 1 |
| TOP OF THE 2ND |
|
Texas Rangers batting - Pitching for Seattle Mariners : LHP Tommy John
|
|
Batting: LHB Jody Helser
|
0-0: Called Strike 0-1: Fly out, F8 (Flyball, 8LD, EV 99.4 MPH)
|
|
Batting: RHB Rich Dauer
|
0-0: Ball 1-0: Ball 2-0: Called Strike 2-1: SINGLE (Groundball, 13S, EV 70.0 MPH) (infield hit)
|
|
Batting: RHB George Bjorkman
|
0-0: Foul Ball, location: 2F 0-1: Foul Ball, location: 2F 0-2: SINGLE (Groundball, 6MD, EV 108.1 MPH) Rich Dauer to second Runner from 2nd tries for 3rd, SAFE, no throw by CF
|
|
Batting: RHB Juan Rodriguez
|
0-0: DOUBLE (Line Drive, 9D, EV 105.6 MPH) Rich Dauer scores George Bjorkman to third
|
|
Pitching: RHP Timothy Jones
|
|
|
Batting: RHB Juan Samuel
|
0-0: Fly out, F8 (Flyball, 78D, EV 96.3 MPH) Runner from 3rd tags up, SCORES, throw by CF
|
|
Batting: RHB Joe Charboneau
|
0-0: Called Strike 0-1: Ball 1-1: Ball 2-1: Ground out 6-3 (Groundball, 6, EV 93.1 MPH)
|
| Top of the 2nd over - 2 runs, 3 hits, 0 errors, 1 left on base; Texas 2 - Seattle 1 |
| BOTTOM OF THE 2ND |
|
Seattle Mariners batting - Pitching for Texas Rangers : RHP Tim Leary
|
|
Batting: RHB John Rabb
|
0-0: Ball 1-0: Called Strike 1-1: Called Strike 1-2: Strikes out swinging
|
|
Batting: RHB Ramon Estepa
|
0-0: Ball 1-0: Called Strike 1-1: Foul Ball, location: 2F 1-2: Ground out 4-3 (Groundball, 4, EV 81.3 MPH)
|
|
Batting: RHB Kurt Cunningham
|
0-0: Called Strike 0-1: Ball 1-1: Ball 2-1: Ball 3-1: Base on Balls
|
|
Batting: SHB Miguel Dilone
|
0-0: Ball 1-0: SINGLE (Line Drive, 7LS, EV 106.3 MPH) Kurt Cunningham to second
|
|
Batting: RHB Ryne Sandberg
|
0-0: Fly out, F8 (Flyball, 8RXD, EV 97.5 MPH)
|
| Bottom of the 2nd over - 0 runs, 1 hit, 0 errors, 2 left on base; Texas 2 - Seattle 1 |
| TOP OF THE 3RD |
|
Texas Rangers batting - Pitching for Seattle Mariners : RHP Timothy Jones
|
|
Batting: RHB Kirby Puckett
|
0-0: Called Strike 0-1: Ball 1-1: SINGLE (Groundball, 34D, EV 103.1 MPH)
|
|
Batting: RHB Steve Garvey
|
0-0: Called Strike 0-1: Ball Kirby Puckett steals 2nd base 1-1: Ball 2-1: Fly out, F9 (Flyball, 9D, EV 94.4 MPH) Runner from 2nd tags up, SAFE at 3rd, no throw by RF
|
|
Batting: RHB Steve Balboni
|
0-0: Ball 1-0: Ball 2-0: Called Strike 2-1: Foul Ball, location: 2F 2-2: Ball 3-2: Foul Ball, location: 2F 3-2: Strikes out looking
|
|
Batting: LHB Jody Helser
|
0-0: Called Strike 0-1: Ball 1-1: Called Strike 1-2: Ball 2-2: SINGLE (Groundball, 34D, EV 105.6 MPH) Kirby Puckett scores
|
|
Batting: RHB Rich Dauer
|
0-0: Called Strike 0-1: Ball 1-1: Ball 2-1: Ball 3-1: Foul Ball, location: 2F 3-2: Ground out 6-3 (Groundball, 6MS, EV 81.3 MPH)
|
| Top of the 3rd over - 1 run, 2 hits, 0 errors, 1 left on base; Texas 3 - Seattle 1 |
| BOTTOM OF THE 3RD |
|
Seattle Mariners batting - Pitching for Texas Rangers : RHP Tim Leary
|
|
Batting: RHB Robin Yount
|
0-0: Foul Ball, location: 2F 0-1: Ball 1-1: SINGLE (Groundball, 5S, EV 65.0 MPH) (infield hit)
|
|
Batting: LHB Don Mattingly
|
0-0: Ball 1-0: 2-RUN HOME RUN (Flyball, 9LD, EV 101.9 MPH), Distance : 357 ft
|
|
Batting: LHB Chris Wynn
|
0-0: Swinging Strike 0-1: Swinging Strike 0-2: Foul Ball, location: 2F 0-2: Foul Ball, location: 2F 0-2: Foul Ball, location: 2F 0-2: Foul Ball, location: 2F 0-2: Ball 1-2: Ball 2-2: Foul Ball, location: 2F 2-2: Ground out 5-3 (Groundball, 5, EV 88.1 MPH)
|
|
Batting: RHB Tony Conigliaro
|
0-0: Ball 1-0: Foul Ball, location: 2F 1-1: Fly out, F8 (Flyball, 8RD, EV 106.9 MPH)
|
|
Batting: RHB John Rabb
|
0-0: Fly out, F6 (Flyball, 56D, EV 93.1 MPH)
|
| Bottom of the 3rd over - 2 runs, 2 hits, 0 errors, 0 left on base; Texas 3 - Seattle 3 |
| TOP OF THE 4TH |
|
Texas Rangers batting - Pitching for Seattle Mariners : RHP Timothy Jones
|
|
Batting: RHB George Bjorkman
|
0-0: Foul Ball, location: 2F 0-1: Swinging Strike 0-2: Foul Ball, location: 2F 0-2: Fly out, F8 (Flyball, 8LD, EV 78.8 MPH)
|
|
Batting: RHB Juan Rodriguez
|
0-0: Ball 1-0: Ground out 5-3 (Groundball, 56, EV 108.8 MPH)
|
|
Batting: RHB Juan Samuel
|
0-0: Called Strike 0-1: SINGLE (Line Drive, 6D, EV 100.0 MPH)
|
|
Batting: RHB Joe Charboneau
|
0-0: Ball 1-0: Called Strike 1-1: Ball 2-1: Ball 3-1: Swinging Strike 3-2: Foul Ball, location: 2F 3-2: Base on Balls Juan Samuel to second
|
|
Batting: RHB Kirby Puckett
|
0-0: Ball 1-0: Called Strike 1-1: Foul Ball, location: 2F 1-2: Foul Ball, location: 2F 1-2: Ground out 6-3 (Groundball, 6S, EV 88.8 MPH)
|
| Top of the 4th over - 0 runs, 1 hit, 0 errors, 2 left on base; Texas 3 - Seattle 3 |
| BOTTOM OF THE 4TH |
|
Seattle Mariners batting - Pitching for Texas Rangers : RHP Tim Leary
|
|
Batting: RHB Ramon Estepa
|
0-0: Ball 1-0: Foul Ball, location: 2F 1-1: Swinging Strike 1-2: Strikes out looking
|
|
Batting: RHB Kurt Cunningham
|
0-0: Called Strike 0-1: Called Strike 0-2: Foul Ball, location: 2F 0-2: Fly out, F8 (Flyball, 8RM, EV 78.8 MPH)
|
|
Batting: SHB Miguel Dilone
|
0-0: Called Strike 0-1: Called Strike 0-2: Foul Ball, location: 2F 0-2: Ball 1-2: Ground out 4-3 (Groundball, 4, EV 76.9 MPH)
|
| Bottom of the 4th over - 0 runs, 0 hits, 0 errors, 0 left on base; Texas 3 - Seattle 3 |
| TOP OF THE 5TH |
|
Texas Rangers batting - Pitching for Seattle Mariners : RHP Timothy Jones
|
|
Batting: RHB Steve Garvey
|
0-0: Foul Ball, location: 2F 0-1: Called Strike 0-2: Fly out, F8 (Flyball, 89S, EV 88.1 MPH)
|
|
Batting: RHB Steve Balboni
|
0-0: Ball 1-0: Foul Ball, location: 2F 1-1: Called Strike 1-2: Ball 2-2: Ball 3-2: DOUBLE (Groundball, 3L, EV 103.1 MPH)
|
|
Pitching: RHP Dick Bosman
|
|
|
Batting: LHB Jody Helser
|
0-0: Fly out, F8 (Flyball, 8RM, EV 96.9 MPH)
|
|
Batting: RHB Rich Dauer
|
0-0: Called Strike 0-1: DOUBLE (Line Drive, 89D, EV 106.9 MPH) Steve Balboni scores
|
|
Batting: RHB George Bjorkman
|
0-0: DOUBLE (Flyball, 8LXD, EV 99.4 MPH) Rich Dauer scores
|
|
Batting: RHB Juan Rodriguez
|
0-0: Ball 1-0: Ground out U3 (Groundball, 34, EV 102.5 MPH)
|
| Top of the 5th over - 2 runs, 3 hits, 0 errors, 1 left on base; Texas 5 - Seattle 3 |
| BOTTOM OF THE 5TH |
|
Seattle Mariners batting - Pitching for Texas Rangers : RHP Tim Leary
|
|
Batting: RHB Ryne Sandberg
|
0-0: Ball 1-0: Called Strike 1-1: Foul Ball, location: 2F 1-2: Ball 2-2: SOLO HOME RUN (Flyball, 78XD, EV 88.1 MPH), Distance : 401 ft
|
|
Batting: RHB Robin Yount
|
0-0: Called Strike 0-1: Ball 1-1: Foul Ball, location: 2F 1-2: Ball 2-2: Ball 3-2: Fly out, F7 (Flyball, 78D, EV 98.8 MPH)
|
|
Batting: LHB Don Mattingly
|
0-0: Ball 1-0: Ball 2-0: Ball 3-0: Swinging Strike 3-1: Base on Balls
|
|
Batting: LHB Chris Wynn
|
0-0: Called Strike 0-1: Ball Wild Pitch! Don Mattingly to second 1-1: Foul Ball, location: 2F 1-2: Strikes out swinging
|
|
Batting: RHB Tony Conigliaro
|
0-0: Ball 1-0: Fly out, F8 (Flyball, 8LS, EV 82.5 MPH)
|
| Bottom of the 5th over - 1 run, 1 hit, 0 errors, 1 left on base; Texas 5 - Seattle 4 |
| TOP OF THE 6TH |
|
Texas Rangers batting - Pitching for Seattle Mariners : RHP Dick Bosman
|
|
Batting: RHB Juan Samuel
|
0-0: Ball 1-0: Called Strike 1-1: Ground out 6-3 (Groundball, 6D, EV 111.3 MPH)
|
|
Batting: RHB Joe Charboneau
|
0-0: Called Strike 0-1: Foul Ball, location: 2F 0-2: Ball 1-2: Foul Ball, location: 2F 1-2: Foul Ball, location: 2F 1-2: SINGLE (Flyball, 5D, EV 91.3 MPH)
|
|
Batting: RHB Kirby Puckett
|
0-0: Ball 1-0: Called Strike 1-1: Foul Ball, location: 2F 1-2: Strikes out swinging
|
|
Batting: RHB Steve Garvey
|
0-0: Called Strike 0-1: Foul Ball, location: 2F 0-2: Ball 1-2: Fly out, F9 (Line Drive, 9, EV 91.9 MPH)
|
| Top of the 6th over - 0 runs, 1 hit, 0 errors, 1 left on base; Texas 5 - Seattle 4 |
| BOTTOM OF THE 6TH |
|
Seattle Mariners batting - Pitching for Texas Rangers : RHP Tim Leary
|
|
Batting: RHB John Rabb
|
0-0: Ball 1-0: Ball 2-0: Foul Ball, location: 2F 2-1: Ball 3-1: Swinging Strike 3-2: Foul Ball, location: 2F 3-2: Strikes out swinging
|
|
Batting: RHB Ramon Estepa
|
0-0: Ball 1-0: Ball 2-0: SINGLE (Line Drive, 4MD, EV 96.3 MPH)
|
|
Pitching: RHP Alberto Zamora
|
|
|
Batting: RHB Kurt Cunningham
|
0-0: Ball 1-0: Called Strike 1-1: Called Strike 1-2: 2-RUN HOME RUN (Flyball, 89XD, EV 106.9 MPH), Distance : 423 ft
|
|
Batting: SHB Miguel Dilone
|
0-0: Ground out 5-3 (Groundball, 15, EV 77.5 MPH)
|
|
Batting: RHB Ryne Sandberg
|
0-0: Called Strike 0-1: Ball 1-1: Ball 2-1: Ball 3-1: Called Strike 3-2: Fly out, F9 (Flyball, 9LS, EV 88.1 MPH)
|
| Bottom of the 6th over - 2 runs, 2 hits, 0 errors, 0 left on base; Texas 5 - Seattle 6 |
| TOP OF THE 7TH |
|
Texas Rangers batting - Pitching for Seattle Mariners : RHP Dick Bosman
|
|
Batting: RHB Steve Balboni
|
0-0: Ball 1-0: Called Strike 1-1: Ball 2-1: Fly out, F8 (Flyball, 8RD, EV 101.3 MPH)
|
|
Batting: LHB Jody Helser
|
0-0: Ball 1-0: Called Strike 1-1: Ground out 6-3 (Groundball, 6, EV 90.6 MPH)
|
|
Batting: RHB Rich Dauer
|
0-0: Foul Ball, location: 2F 0-1: Ball 1-1: Ball 2-1: Foul Ball, location: 2F 2-2: Strikes out looking
|
| Top of the 7th over - 0 runs, 0 hits, 0 errors, 0 left on base; Texas 5 - Seattle 6 |
| BOTTOM OF THE 7TH |
|
Seattle Mariners batting - Pitching for Texas Rangers : RHP Alberto Zamora
|
|
Batting: RHB Robin Yount
|
0-0: Swinging Strike 0-1: Swinging Strike 0-2: Ball 1-2: Strikes out swinging
|
|
Batting: LHB Don Mattingly
|
0-0: Called Strike 0-1: Foul Ball, location: 2F 0-2: Ball 1-2: Ground out 6-3 (Groundball, 6, EV 93.8 MPH)
|
|
Batting: LHB Chris Wynn
|
0-0: Ball 1-0: Called Strike 1-1: Ball 2-1: SOLO HOME RUN (Line Drive, 78XD, EV 101.9 MPH), Distance : 429 ft
|
|
Batting: RHB Tony Conigliaro
|
0-0: DOUBLE (Line Drive, 5D, EV 102.5 MPH)
|
|
Batting: RHB John Rabb
|
0-0: Ball 1-0: Foul Ball, location: 2F 1-1: Ball 2-1: Foul Ball, location: 2F 2-2: Strikes out looking and he ARGUES THE CALL AND IS TOSSED!
|
| Bottom of the 7th over - 1 run, 2 hits, 0 errors, 1 left on base; Texas 5 - Seattle 7 |
| TOP OF THE 8TH |
|
Texas Rangers batting - Pitching for Seattle Mariners : RHP Dick Bosman
|
|
Now at C: Ken Reitz
|
|
|
Batting: RHB George Bjorkman
|
0-0: Called Strike 0-1: Called Strike 0-2: Strikes out swinging
|
|
Batting: RHB Juan Rodriguez
|
0-0: Ball 1-0: Fly out, F8 (Flyball, 8LD, EV 86.3 MPH)
|
|
Batting: RHB Juan Samuel
|
0-0: SOLO HOME RUN (Flyball, 78XD, EV 89.4 MPH), Distance : 388 ft
|
|
Pitching: RHP Nick Bowditch
|
|
|
Batting: RHB Joe Charboneau
|
0-0: Ball 1-0: Ball 2-0: Foul Ball, location: 2F 2-1: Ball 3-1: Base on Balls
|
|
Batting: RHB Kirby Puckett
|
0-0: DOUBLE (Line Drive, 8LXD, EV 98.8 MPH) Joe Charboneau to third Runner from 3rd tries for Home, SAFE, throw by CF to trailing runner, SAFE at third!
|
|
Batting: RHB Steve Garvey
|
0-0: Called Strike 0-1: Ball 1-1: Foul Ball, location: 2F 1-2: Strikes out swinging
|
| Top of the 8th over - 2 runs, 2 hits, 0 errors, 1 left on base; Texas 7 - Seattle 7 |
| BOTTOM OF THE 8TH |
|
Seattle Mariners batting - Pitching for Texas Rangers : RHP Alberto Zamora
|
|
Batting: RHB Ramon Estepa
|
0-0: Foul Ball, location: 2F 0-1: Swinging Strike 0-2: Fly out, F3 (Popup, 3SF, EV 83.8 MPH)
|
|
Batting: RHB Kurt Cunningham
|
0-0: Fly out, F4 (Popup, 4MD, EV 49.4 MPH)
|
|
Batting: SHB Miguel Dilone
|
0-0: SINGLE (Line Drive, 5D, EV 108.1 MPH)
|
|
Batting: RHB Ryne Sandberg
|
0-0: Ball 1-0: Reached on error, E6 (Groundball, 6MS, EV 67.5 MPH) Miguel Dilone to second
|
|
Batting: RHB Robin Yount
|
0-0: Called Strike 0-1: Swinging Strike 0-2: Ball 1-2: Strikes out swinging
|
| Bottom of the 8th over - 0 runs, 1 hit, 1 error, 2 left on base; Texas 7 - Seattle 7 |
| TOP OF THE 9TH |
|
Texas Rangers batting - Pitching for Seattle Mariners : RHP Nick Bowditch
|
|
Pinch Hitting: LHB Lenny Dykstra
|
0-0: Ball 1-0: Ground out U3 (Groundball, 34, EV 79.4 MPH)
|
|
Batting: LHB Jody Helser
|
0-0: Ball 1-0: Ball 2-0: Called Strike 2-1: Ball 3-1: Foul Ball, location: 2F 3-2: Base on Balls
|
|
Batting: RHB Rich Dauer
|
0-0: Ball 1-0: SINGLE (Line Drive, 4MD, EV 108.1 MPH) Jody Helser to second
|
|
Batting: RHB George Bjorkman
|
0-0: Swinging Strike 0-1: Ball 1-1: Called Strike 1-2: Strikes out looking
|
|
Batting: RHB Juan Rodriguez
|
0-0: Ball 1-0: Ground out 4-3 (Groundball, 34, EV 90.6 MPH)
|
| Top of the 9th over - 0 runs, 1 hit, 0 errors, 2 left on base; Texas 7 - Seattle 7 |
| BOTTOM OF THE 9TH |
|
Seattle Mariners batting - Pitching for Texas Rangers : RHP Alberto Zamora
|
|
Now at 1B: Ernie Whitt
|
|
|
Batting: LHB Don Mattingly
|
0-0: Called Strike 0-1: Fly out, F8 (Flyball, 8LD, EV 98.8 MPH)
|
|
Batting: LHB Chris Wynn
|
0-0: Swinging Strike 0-1: Foul Ball, location: 2F 0-2: Ball 1-2: SOLO HOME RUN (Flyball, 89XD, EV 91.9 MPH), Distance : 401 ft
|
| Bottom of the 9th over - 1 run, 1 hit, 0 errors, 0 left on base; Texas 7 - Seattle 8 |
|